 Dungeon Crawl Stone Soup version 0.31-a0-343-g456c268693 (webtiles) character file.

Game seed: 16264941041190679544

495 lappor the Shooter (level 7, -4/52 HPs)
             Began as a Human Hunter on July 21, 2023.
             Was an Initiate of Dithmenos.
             Slain by an ogre
             ... wielding a +0 giant club
              (18 damage)
             ... on level 5 of the Dungeon.
             The game lasted 00:21:38 (3898 turns).

lappor the Shooter (Human Hunter)                   Turns: 3898, Time: 00:21:38

Health: -4/52      AC:  5    Str: 11    XL:     7   Next: 38%
Magic:  7/7        EV: 12    Int: 10    God:    Dithmenos [......]
Gold:   167        SH:  0    Dex: 16    Spells: 6/6 levels left

rFire   . . .        h - +2 short sword (venom)
rCold   + . .        (no shield)
rNeg    . . .        c - +0 leather armour
rPois   .            f - +0 helmet
rElec   .            (no cloak)
rCorr   .            e - +0 pair of gloves
SInv    .            (no boots)
Will    .....        (no amulet)
Stlth   ++           g - ring of protection from cold
HPRegen 0.28/turn    (no ring)
MPRegen 0.10/turn

%: no passive effects
@: no status effects
A: clumsy 1
a: Renounce Religion


You were on level 5 of the Dungeon.
You worshipped Dithmenos.
Dithmenos was noncommittal.
You visited 2 branches of the dungeon, and saw 6 of its levels.

You collected 167 gold pieces.

Inventory:

Hand Weapons
 a - a +1 shortbow
 h - a +2 short sword of venom (weapon)
Missiles
 i - 4 boomerangs
Armour
 c - a +0 leather armour (worn)
 e - a +0 pair of gloves (worn)
 f - a +0 helmet (worn)
Jewellery
 g - a ring of protection from cold (left hand)
 l - a ring of ice
Wands
 k - a wand of digging (5)
Scrolls
 b - a scroll of butterflies
 d - a scroll of teleportation
Potions
 j - a potion of curing {unknown}
 n - a potion of lignification {unknown}


   Skills:
 * Level 3.3 Fighting
 * Level 6.8 Ranged Weapons
 * Level 1.4 Armour
 * Level 3.0 Dodging
 * Level 2.6 Stealth


You had 6 spell levels left.
You didn't know any spells.
Your spell library contained the following spells:

 Spells                   Type           Power      Damage    Failure   Level
 Summon Small Mammal      Summ           0%         N/A       45%         1
 Call Canine Familiar     Summ           0%         N/A       83%         3
 Summon Guardian Golem    Hex/Summ       0%         N/A       83%         3


Dungeon Overview and Level Annotations

Branches:
Dungeon (5/15)             Temple (1/1) D:4

Altars:
Ashenzari
Cheibriados
Dithmenos
Fedhas
Gozag
Hepliaklqana
Kikubaaqudgha
Makhleb
Okawaru
Qazlal
Ru
Sif Muna
Trog
Uskayaw
Vehumet
Xom
Yredelemnul
Zin
The Shining One

Annotations:
D:5 Menkaure


Innate Abilities, Weirdness & Mutations

You are clumsy. (Dex -2)


Message History

There is a staircase to the Ecumenical Temple here.
There is a dry fountain here.
You enter the shallow water.
Moving in this stuff is going to be slow.
There is a stone staircase leading down here.
You climb downwards.
Level annotation: Menkaure
There is a stone staircase leading up here.
Fire: a) +1 shortbow
Press: ? - help, Q - select action, (/) - cycle Shift-Dir - straight line, f - ogre
Aim: an ogre, wielding a +0 giant club (asleep, 98% to hit)
You shoot an arrow. The arrow hits the ogre.
The ogre shouts!
The ogre is lightly wounded.
Fire: a) +1 shortbow
Press: ? - help, Q - select action, (/) - cycle Shift-Dir - straight line, f/p - ogre
Aim: an ogre, wielding a +0 giant club (lightly wounded, 78% to hit)
You shoot an arrow. The arrow barely misses the ogre.
Fire: a) +1 shortbow
Press: ? - help, Q - select action, (/) - cycle Shift-Dir - straight line, f/p - ogre
Aim: an ogre, wielding a +0 giant club (78% to hit)
You shoot an arrow. The arrow hits the ogre.
The ogre is lightly wounded.
Your +2 short sword of venom begins to drip with poison!
h - a +2 short sword of venom (weapon)
You completely miss the ogre.
The ogre is lightly wounded.
The ogre barely misses you.
You hit the ogre.
The ogre is poisoned.
Your punch misses the ogre.
The ogre is moderately wounded.
The ogre hits you with a +0 giant club!
You hit the ogre.
The ogre looks as sick as possible!
The ogre is heavily wounded.
You barely miss the ogre.
The ogre is heavily wounded.
The ogre hits you with a +0 giant club!!
* * * LOW HITPOINT WARNING * * *
The ogre attacks as you move away!
The ogre hits you with a +0 giant club!!
You die...

... # #..
# #. ...
.#
.##.##.#
......
...#
####..#
#..O@.#
#.....#.#
#...#...#
#......#.
#......#.#
#.####.#..
#. .# #. #
## .


You could see an ogre (extremely poisoned).

Vanquished Creatures
  2 ogres (D:4)
  A scorpion (D:4)
  A hound (D:4)
  A jelly (D:4)
  2 sleepcaps (D:3)
  Jessica (D:3)
  A gnoll (D:1)
  3 adders (D:2)
  3 worms
  2 dart slugs (D:3)
  8 orcs
  6 endoplasms
  5 giant cockroaches
  5 hobgoblins
  10 jackals
  6 kobolds
  2 quokkas
  4 ball pythons
  8 bats
  2 frilled lizards
  5 goblins
  2 rats
80 creatures vanquished.

Notes
Turn   | Place    | Note
-------+----------+-------------------------------------------
     0 | D:1      | lappor the Human Hunter began the quest for the Orb.
     0 | D:1      | Reached XP level 1. HP: 16/16 MP: 1/1
    82 | D:1      | Reached XP level 2. HP: 22/22 MP: 2/2
   195 | D:1      | Reached XP level 3. HP: 27/27 MP: 3/3
   463 | D:1      | Found a faded altar of an unknown god.
   463 | D:1      | Noticed a rust devil
   882 | D:2      | Reached XP level 4. HP: 32/33 MP: 4/4
  1239 | D:2      | Reached skill level 5 in Ranged Weapons
  1501 | D:2      | Gained mutation: You occasionally shout uncontrollably at
                  | your foes. [potion of mutation]
  1501 | D:2      | Gained mutation: You are frail. (-10% HP) [potion of
                  | mutation]
  1502 | D:2      | Lost mutation: You are frail. (-10% HP) [potion of
                  | mutation]
  1502 | D:2      | Lost mutation: You occasionally shout uncontrollably at
                  | your foes. [potion of mutation]
  1502 | D:2      | Gained mutation: You are clumsy. (Dex -2) [potion of
                  | mutation]
  1689 | D:3      | Reached XP level 5. HP: 14/39 MP: 5/5
  1835 | D:3      | Noticed Jessica
  1873 | D:3      | Killed Jessica
  2092 | D:3      | Found a stormy altar of Qazlal.
  2282 | D:3      | Reached XP level 6. HP: 46/46 MP: 6/6
  2412 | D:4      | Reached skill level 6 in Ranged Weapons
  2638 | D:4      | Found a staircase to the Ecumenical Temple.
  2666 | D:4      | Found a glowing silver altar of Zin.
  2841 | D:4      | Reached skill level 1 in Armour
  3012 | D:4      | Noticed an ogre
  3098 | D:4      | Noticed an ogre
  3320 | D:4      | Killed an ogre
  3321 | D:4      | Reached XP level 7. HP: 30/52 MP: 7/7
  3696 | D:5      | Entered Level 5 of the Dungeon
  3700 | D:5      | Noticed Menkaure
  3816 | Temple   | Found a transporter.
  3816 | Temple   | Found a transporter.
  3816 | Temple   | Found a transporter.
  3816 | Temple   | Found a transporter.
  3816 | Temple   | Entered the Ecumenical Temple
  3835 | Temple   | Became a worshipper of Dithmenos the Shadowed
  3898 | D:5      | Slain by an ogre

Illustrated notes

Levels and vault maps discovered:
D:1:      lightli_iron_boxes, layout_basic,
          dreamdust_ecumenical_altar_sealed_demon, st_stairs_14,
          minmay_misc_feat_tiny
D:2:      layout_basic, nicolae_concentric_dashed_squares_wild,
          hangedman_decor_clover_reticule
D:3:      layout_loops_ring, lemuel_crystal_altar, uniq_jessica
D:4:      wander_river, layout_gridville,
          mainiacjoe_overflow_concentric_impassable,
          minmay_temple_entry_large_hall
D:5:      layout_basic, uniq_menkaure
Temple:   hellmonk_temple_divided_pantheon

Skill      XL: |  1  2  3  4  5  6 |
---------------+-------------------+-----
Ranged Weapons | 5 6 |  6.8
Stealth        | 2 |  2.6
Fighting       | 3 |  3.3
Armour         | 1 |  1.4
Dodging        | 3 |  3.0

Action                     |  1- 3 |  4- 6 |  7- 9 || total
---------------------------+-------+-------+-------++-------
  Melee: Short sword       |       |    23 |     4 ||    27
   Fire: Shortbow          |    54 |   223 |    20 ||   297
    Use: Scroll            |     3 |     3 |     1 ||     7
         Potion            |       |     2 |       ||     2
 Armour: Leather armour    |     9 |    42 |       ||    51
  Dodge: Dodged            |     9 |   108 |     2 ||   119

Table legend: (Time is in decaauts)
 A = Elapsed time spent in this place.
 B = Non-inter-level travel time spent in this place.
 C = Inter-level travel time spent in this place.
 D = Time resting spent in this place.
 E = Time spent auto-exploring this place.
 F = Levels seen in this place.
 G = Mean time per level.
                   A        B        C        D        E       F      G
               +--------+--------+--------+--------+--------+-----+--------+
         Total |   3947 |   3373 |    574 |      0 |   2324 |   6 |  657.8 |
       Dungeon |   3909 |   3367 |    542 |      0 |   2324 |   5 |  781.8 |
        Temple |     37 |      5 |     32 |      0 |      0 |   1 |   37.0 |
               +--------+--------+--------+--------+--------+-----+--------+

Top non-repeatable levels by time:
     D:4: 1281 daAuts
     D:3: 1079 daAuts
     D:1: 767 daAuts
     D:2: 755 daAuts
  Temple: 37 daAuts
     D:5: 25 daAuts
